 Dungeon Crawl Stone Soup version 0.25-a0-782-g655279ceaa (webtiles) character file.

Game seed: 16377365404018373778, levelgen mode: deterministic

6584 Hasart the Frost Mage (level 10, -18/50 HPs)
             Began as a Deep Elf Ice Elementalist on Apr 16, 2020.
             Was a Priest of Vehumet.
             Killed from afar by a deep elf knight (46 damage)
             ... with a stone arrow
             ... on level 10 of the Dungeon.
             The game lasted 00:20:17 (8891 turns).

Hasart the Frost Mage (Deep Elf Ice Elementalist)   Turns: 8891, Time: 00:20:18

Health: -18/50     AC:  6    Str:  5    XL:     10   Next: 71%
Magic:  31/34      EV: 15    Int: 24    God:    Vehumet [***...]
Gold:   545        SH:  0    Dex: 15    Spells: 8/27 levels left

rFire    . . .     SeeInvis .   a - +6 scimitar (holy)
rCold    . . .     Gourm    .   (no shield)
rNeg     . . .     Faith    .   y - +0 acid dragon scales
rPois    .         Spirit   .   (no helmet)
rElec    .         Reflect  .   (no cloak)
rCorr    +         Harm     .   (no gloves)
MR       +....                  (no boots)
Stlth    ++........             n - amulet of regeneration
HPRegen  0.56/turn              q - ring of magical power
MPRegen  0.24/turn              m - ring of resist corrosion

@: lethally poisoned (-18 -> -18), frozen ramparts, very slightly contaminated
A: no striking features
a: Renounce Religion


You were on level 10 of the Dungeon.
You worshipped Vehumet.
Vehumet was most pleased with you.
You were not hungry.

You visited 2 branches of the dungeon, and saw 11 of its levels.

You collected 545 gold pieces.

Inventory:

Hand Weapons
 a - a +6 scimitar of holy wrath (weapon)
 r - a +1 hand axe of electrocution
 G - the +2 halberd of the Elven Halls {drain, MR++}
   (You found it on level 9 of the Dungeon)

   A truly terrible weapon, it drains the life of those it strikes.
   It affects your resistance to hostile enchantments.
Armour
 y - +0 acid dragon scales (worn)
Jewellery
 m - a ring of resist corrosion (right hand)
 n - an amulet of regeneration (around neck)
 q - a ring of magical power (left hand)
Wands
 s - a wand of iceblast (7)
 H - a wand of random effects (19)
 I - a wand of polymorph (11)
Scrolls
 b - a scroll of blinking
 g - 4 scrolls of identify
 h - a scroll of fear
 j - 6 scrolls of remove curse
 k - 4 scrolls of teleportation
 p - a scroll of enchant weapon
 t - 2 scrolls of amnesia
 E - a scroll of vulnerability {unknown}
 F - 2 scrolls of enchant armour {unknown}
Potions
 d - 3 potions of brilliance
 e - 2 potions of degeneration {unknown}
 i - 3 potions of lignification {unknown}
 l - 4 potions of resistance {unknown}
 u - 2 potions of flight {unknown}
 v - a potion of magic {unknown}
 w - a potion of ambrosia {unknown}
 x - a potion of might {unknown}
 z - a potion of heal wounds {unknown}
 A - a potion of berserk rage {unknown}
 C - 2 potions of curing {unknown}
Comestibles
 c - 18 rations


   Skills:
 - Level 8.0 Dodging
 - Level 2.4 Stealth
 + Level 9.3 Spellcasting
 + Level 6.7 Conjurations
 + Level 6.8 Summonings
 + Level 3.2 Fire Magic
 * Level 11.3 Ice Magic


You had 8 spell levels left.
You knew the following spells:

 Your Spells              Type           Power        Failure   Level  Hunger
a - Freeze                Ice            ####         1%          1    None
b - Frozen Ramparts       Ice            ######       1%          3    None
c - Summon Ice Beast      Ice/Summ       ######..     3%          4    ##.....
d - Hailstorm             Conj/Ice       ######..     1%          4    ##.....
e - Sticky Flame          Conj/Fire      #####...     4%          4    ##.....
q - Ozocubu's Armour      Chrm/Ice       #####...     3%          3    None

Your spell library contained the following spells:

 Spells                   Type           Power        Failure   Level  Hunger
 Ignite Poison            Fire/Tmut/Pois ###.....     7%          3    None
 Foxfire                  Conj/Fire      ####         1%          1    None
 Conjure Flame            Conj/Fire      #####...     1%          3    None
 Inner Flame              Hex/Fire       ###.....     5%          3    None
 Beastly Appendage        Tmut           ##....       12%         1    None
 Ice Form                 Ice/Tmut       #####...     12%         4    ##.....
 Fireball                 Conj/Fire      #####.....   12%         5    ####...
 Sticks to Snakes         Tmut           ##......     19%         2    None
 Bolt of Magma            Conj/Fire/Erth ####......   22%         5    ####...
 Iskenderun's Battlesphe  Conj/Chrm      ####....     22%         5    ####...
 Spider Form              Tmut/Pois      ##........   36%         3    None
 Iron Shot                Conj/Erth      ####......   71%         6    ######.
 Orb of Destruction       Conj           #####.....   82%         7    #######
 Spellforged Servitor     Conj/Summ      #####.....   82%         7    #######
 Blade Hands              Tmut           ##........   98%         5    ####...


Dungeon Overview and Level Annotations

Branches:
Dungeon (10/15)            Temple (1/1) D:5            Lair (0/6) D:10
    Orc: D:9-12

Altars:
Ashenzari
Cheibriados
Dithmenos
Elyvilon
Fedhas
Gozag
Hepliaklqana
Kikubaaqudgha
Makhleb
Nemelex Xobeh
Okawaru
Ru
Trog
Uskayaw
Vehumet
Wu Jian
Yredelemnul
Beogh

Shops:
D:5 %

Annotations:
D:2 2 transporters
D:10 Erica, Urug


Message History

The killer bee stings the plant but does no damage.
The killer bee stings you.
A deep elf knight comes into view. It is wielding a +0 short sword.
The killer bee barely misses you.
Unknown command.
Unknown command.
Casting: Hailstorm (safe; 1% risk of failure)
Confirm with . or Enter, or press ? or * to list all spells.
The walls around you are covered in ice.
You feel sick.
The wall freezes the killer bee. x2
The killer bee closely misses you.
The wall freezes the killer bee.
The killer bee stings you!
Urug the Orcish Ballista comes into view.
She is wielding a +1 long sword of draining.
The wall freezes the porcupine.
The wall freezes the killer bee.
The killer bee barely misses you.
The wall freezes the killer bee.
The wall freezes the deep elf knight.
The deep elf knight gestures at you while chanting.
The stone arrow hits you!!!
Ouch! That really hurt!
You die...

*,,,* #.....PP.PP...,,,,,,
*,*** #...P.PP..P.PP,,,,,,
*,* #..y.PPP.P..PP,,,,,,
*,* *#..t.P.PPP.P.,,,,*,
*,* #h#.P.PPPPP.P,,***,
*,* #.#y...PPPPP.,,* *,
*,* #.yrrP.....P.,** **
*,*********##yyr..P..P..,*
*,,,,,,,,,* #@###......#**
*********,* #.# *#######
*,**#.#**** *,,,o.e,,,*
*,,,...,,,*
*,*o@###,,############
*,,..*(#,,........<...
**...*##,,.###########
*,,,,,,,,,*


You could see an orc knight, Urug, Erica, a deep elf knight, a crocodile, a
black bear, 3 porcupines, 4 killer bees and a +7 great sword.

Vanquished Creatures
  Harold (D:7)
  A two-headed ogre (D:7)
  Pikel (D:7)
  Psyche (D:8)
  Maggie (D:7)
  A hippogriff (D:8)
  Grum (D:8)
  Menkaure (D:7)
  A phantom (D:8)
  2 orc warriors
  2 eyes of draining
  2 ogres
  2 wolves (D:8)
  A centaur (D:5)
  A big kobold (D:8)
  3 bullfrogs (D:9)
  A jelly (D:8)
  A wyvern zombie (D:8)
  3 scorpions (D:4)
  9 killer bees
  3 wights (D:8)
  2 howler monkeys (D:7)
  4 crimson imps
  A bullfrog zombie (D:8)
  A centaur zombie (D:8)
  A hound (D:5)
  A centaur skeleton (D:4)
  10 orc priests
  5 orc wizards
  3 iguanas
  6 worker ants
  A hound skeleton (D:2)
  A howler monkey zombie (D:9)
  12 adders
  15 gnolls
  An ooze (D:3)
  An adder zombie (D:8)
  2 adder skeletons
  5 worms
  2 dart slugs
  5 leopard geckos
  44 orcs
  5 giant cockroaches
  7 goblins
  8 hobgoblins
  6 jackals
  15 kobolds
  8 quokkas
  4 bats
  4 frilled lizards
  A jackal skeleton (D:4)
  2 quokka skeletons
  4 rats
226 creatures vanquished.

Vanquished Creatures (collateral kills)
  A cyclops (D:9)
  A wyvern (D:9)
  A hungry ghost (D:7)
  An orc warrior (D:9)
  An ogre (D:9)
  An ice beast (D:9)
  An orc (D:9)
7 creatures vanquished.

Vanquished Creatures (others)
  A spriggan (D:7)
  A slave (D:7)
2 creatures vanquished.

Grand Total: 235 creatures vanquished

Notes
Turn   | Place    | Note
-------+----------+-------------------------------------------
     0 | D:1      | Hasart the Deep Elf Ice Elementalist began the quest for
                  | the Orb.
     0 | D:1      | Reached XP level 1. HP: 10/10 MP: 6/6
    66 | D:1      | Reached XP level 2. HP: 15/15 MP: 2/8
  1027 | D:2      | Found a transporter.
  1029 | D:2      | Found a transporter.
  1033 | D:2      | Reached skill level 5 in Ice Magic
  1035 | D:2      | Reached XP level 3. HP: 16/19 MP: 5/10
  1035 | D:2      | Noticed a bullfrog
  1041 | D:2      | Learned a level 3 spell: Frozen Ramparts
  1045 | D:2      | Noticed an ogre
  1364 | D:2      | Found an ornate altar of the Wu Jian Council.
  2103 | D:2      | Found a basalt altar of Yredelemnul.
  2364 | D:3      | Reached XP level 4. HP: 24/24 MP: 8/11
  2367 | D:3      | Found Gozag's Platinum Reserve.
  2382 | D:3      | Found an opulent altar of Gozag.
  2409 | D:3      | Reached XP level 5. HP: 20/28 MP: 5/13
  2528 | D:3      | Learned a level 4 spell: Summon Ice Beast
  2533 | D:3      | Learned a level 4 spell: Hailstorm
  2829 | D:3      | Reached skill level 6 in Ice Magic
  2863 | D:3      | Found a sparkling altar of Nemelex Xobeh.
  3143 | D:3      | Found a burning altar of Makhleb.
  3149 | D:3      | Reached skill level 1 in Conjurations
  3149 | D:3      | Reached skill level 1 in Summonings
  3151 | D:3      | Reached XP level 6. HP: 22/32 MP: 15/15
  3562 | D:4      | Reached skill level 5 in Spellcasting
  3827 | D:4      | Found a bloodstained altar of Trog.
  3939 | D:4      | Reached XP level 7. HP: 20/36 MP: 17/17
  4002 | D:4      | Found a shadowy altar of Dithmenos.
  4033 | D:4      | Reached skill level 7 in Ice Magic
  4387 | D:5      | Entered Level 5 of the Dungeon
  4424 | D:5      | Found an iron altar of Okawaru.
  4618 | D:5      | Found Wanwokue's Food Shop.
  4688 | D:5      | Reached skill level 5 in Dodging
  4736 | D:5      | Learned a level 3 spell: Ozocubu's Armour
  4953 | D:5      | Found a staircase to the Ecumenical Temple.
  4960 | Temple   | Entered the Ecumenical Temple
  5024 | Temple   | Became a worshipper of Vehumet
  5071 | D:5      | Found a sacrificial altar of Ru.
  5206 | D:6      | Reached XP level 8. HP: 37/41 MP: 19/19
  5258 | D:6      | You fall into a shaft and drop 1 floor!
  5338 | D:7      | Noticed Maggie
  5353 | D:7      | Killed Maggie
  5353 | D:7      | Reached skill level 8 in Ice Magic
  5610 | D:7      | Noticed a two-headed ogre
  5616 | D:7      | Killed a two-headed ogre
  5616 | D:7      | Reached skill level 9 in Ice Magic
  5700 | D:7      | Reached XP level 9. HP: 45/45 MP: 15/21
  5978 | D:7      | Noticed Menkaure
  5985 | D:7      | Killed Menkaure
  5985 | D:7      | Reached skill level 5 in Summonings
  6125 | D:7      | Noticed Pikel
  6129 | D:7      | Killed Pikel
  6129 | D:7      | Reached skill level 5 in Conjurations
  6213 | D:7      | Noticed Harold
  6219 | D:7      | Killed Harold
  6219 | D:7      | Reached skill level 10 in Ice Magic
  6508 | D:7      | Learned a level 4 spell: Sticky Flame
  6678 | D:8      | Noticed Grum
  6683 | D:8      | Killed Grum
  6683 | D:8      | Reached XP level 10. HP: 50/50 MP: 21/24
  6792 | D:8      | Reached * piety under Vehumet
  6792 | D:8      | Offered knowledge of Magic Dart by Vehumet.
  6844 | D:8      | Reached skill level 1 in Fire Magic
  7175 | D:8      | Noticed Psyche
  7183 | D:8      | Killed Psyche
  7289 | D:8      | Offered knowledge of Searing Ray by Vehumet.
  7293 | D:8      | Reached ** piety under Vehumet
  7333 | D:8      | Found a shattered altar of Ashenzari.
  7592 | D:8      | Found a hazy altar of Hepliaklqana.
  7949 | D:9      | Found a hide-covered altar of Uskayaw.
  7953 | D:9      | Noticed a -3 hand axe
  7953 | D:9      | Noticed a -1 hand axe
  7984 | D:9      | Noticed a cyclops
  7995 | D:9      | Killed a cyclops
  7995 | D:9      | Reached skill level 11 in Ice Magic
  8211 | D:9      | Got a fine halberd
  8212 | D:9      | Identified the +2 halberd of the Elven Halls {drain, MR++}
                  | (You found it on level 9 of the Dungeon)
  8515 | D:9      | Found a roughly hewn altar of Beogh.
  8517 | D:9      | Offered knowledge of Ignite Poison by Vehumet.
  8748 | D:9      | Reached *** piety under Vehumet
  8877 | D:10     | Entered Level 10 of the Dungeon
  8886 | D:10     | Found a staircase to the Lair.
  8888 | D:10     | Noticed an orc knight
  8889 | D:10     | Noticed a +7 great sword
  8890 | D:10     | Noticed Erica
  8890 | D:10     | Noticed a deep elf knight
  8891 | D:10     | Noticed Urug
  8891 | D:10     | Killed from afar by a deep elf knight

Levels and vault maps discovered:
D:1:      dpeg_arrival_rooms_with_view, layout_basic
D:2:      layout_loops_ring, gammafunk_temple_overflow_arena, lemuel_round_altar
D:3:      layout_loops_ring, lemuel_round_altar,
          nicolae_gozag_zags_fifth_avenue, nemelex_xobeh_ov_fountains_minmay,
          first_ration
D:4:      layout_basic, lightli_temple_of_fire, grunt_dithmenos_smoke
D:5:      layout_gridville, nicolae_ru_sacrificial_ziggurat,
          nicolae_overflow_hidden_temple, minmay_temple_entry_gardened_gates,
          serial_shops, shop
D:6:      layout_gridville, overflow_temple_1_default,
          gammafunk_ghost_gnarly_gnolls, gup_sewer_entry_bubbles,
          minmay_hollow_rounded_squares
D:7:      layout_basic, the_bakery, kb_rosetta, uniq_maggie, uniq_menkaure,
          uniq_pikel, uniq_harold
D:8:      layout_loops_corners, cheibrodos_ashenzari_chains,
          overflow_temple_1_default, uniq_grum, uniq_psyche
D:9:      layout_long_grid, dancing_weapons_uskayaw, david_defended_altar_orc
D:10:     layout_loops_ring, due_lair_maze_entry_diamond, enter_bailey_2,
          sword_in_stone
Temple:   nicolae_temple_figure_zero

Skill      XL: |  1  2  3  4  5  6  7  8  9 10 |
---------------+-------------------------------+-----
Dodging        | 3 4 5 6 7 8 |  8.0
Ice Magic      | 5 6 7 9 10 11 | 11.3
Spellcasting   | 4 5 6 7 8 9 |  9.3
Conjurations   | 1 2 3 4 5 6 |  6.7
Summonings     | 1 2 3 4 5 6 |  6.8
Fire Magic     | 3 |  3.2
Stealth        | |  2.4

Action                   |  1- 3 |  4- 6 |  7- 9 | 10-12 || total
-------------------------+-------+-------+-------+-------++-------
Melee: Spear             |     3 |       |       |       ||     3
       Hand axe          |    35 |    91 |    47 |     6 ||   179
       Scimitar          |       |       |       |   101 ||   101
 Cast: Freeze            |    38 |    41 |    21 |    33 ||   133
       Frozen Ramparts   |     1 |     9 |    16 |     6 ||    32
       Hailstorm         |       |       |    20 |    28 ||    48
       Summon Ice Beast  |       |       |     9 |     6 ||    15
  Use: Scroll            |       |     2 |       |     9 ||    11
 Stab: Sleeping          |     2 |     4 |     2 |     1 ||     9
  Eat: Chunk             |     4 |     6 |    11 |    10 ||    31
Armor: Robe              |    10 |    16 |     8 |       ||    34
       Acid dragon scale |       |       |     4 |    37 ||    41
Dodge: Dodged            |    48 |   105 |    54 |   126 ||   333
       Rpst.: Scimitar   |       |       |       |    35 ||    35

Table legend:
 A = Non-vault XP
 B = Vault XP
 C = Vault XP percentage of total XP
 D = Non-vault monster count
 E = Vault monster count
 F = Vault count percentage of total count
                 A         B        C        D         E       F
            +---------+---------+-------+---------+---------+-------
      Total |    5141 |    4265 |  45.3 |     216 |      17 |   7.3
            +---------+---------+-------+---------+---------+-------
        D:1 |      33 |       4 |  10.8 |      19 |       2 |   9.5
        D:2 |      55 |       0 |   0.0 |      16 |       0 |   0.0
        D:3 |     417 |       0 |   0.0 |      45 |       0 |   0.0
        D:4 |     491 |       0 |   0.0 |      28 |       0 |   0.0
        D:5 |     424 |       0 |   0.0 |      12 |       0 |   0.0
        D:6 |      38 |       0 |   0.0 |       2 |       0 |   0.0
        D:7 |     612 |    3274 |  84.3 |      14 |       8 |  36.4
        D:8 |    1648 |     866 |  34.4 |      52 |       4 |   7.1
        D:9 |    1423 |     121 |   7.8 |      28 |       3 |   9.7
            +---------+---------+-------+---------+---------+-------
